Map: Cosmic Sapphire

Players

Cham - Winner!

  • Race: Zerg Zerg
  • League: Master
  • Spawn Location: 5:00

Harstem

  • Race: Protoss Protoss
  • League: Master
  • Spawn Location: 11:00

Event: HomeStory Cup XXII

VOD

Have the link to the VOD?

Description

Time

  • Played on: Dec. 15, 2022, 1:41 p.m.
  • Length: 8:07

All games in this series

Show
View Real Time Build Order
Export as new Build Order

Cham Zerg - Winner!

Build Orders: Hatch First 

Get SALT Encoding   

  12  0:00  Drone  
  13  0:11  Overlord  
  13  0:16  Drone  
  14  0:29  Drone  
  14  0:30  Drone  
  16  0:48  Hatchery  
  15  0:51  Drone  
  15  0:54  Drone  
  17  1:00  Drone  
  18  1:10  Spawning Pool  
  17  1:14  Drone  
  17  1:17  Extractor  
  17  1:20  Drone  
  18  1:27  Drone  
  19  1:39  Drone  
  20  1:48  Overlord  
  20  1:57  Queen  
  20  1:59  Queen  
  24  2:02  Drone x2  
  26  2:10  Drone  
  26  2:11  Drone  
  28  2:19  Metabolic Boost  
  28  2:20  Drone  
  28  2:22  Drone  
  30  2:39  Zergling x2  
  30  2:40  Zergling x2  
  30  2:43  Queen, Hatchery  
  33  2:47  Overlord  
  33  2:52  Drone  
  33  2:57  Drone x2  
  36  3:04  Queen  
  38  3:07  Drone  
  38  3:08  Drone x2  
  38  3:09  Drone  
  42  3:14  Overlord  
  42  3:16  Overlord  
  42  3:19  Drone  
  43  3:20  Drone  
  44  3:33  Queen  
  46  3:35  Drone  
  46  3:38  Drone  
  46  3:39  Spore Crawler  
  46  3:40  Drone x5  
  52  3:51  Lair  
  52  3:54  Zergling x8  
  56  3:57  Spore Crawler  
  56  4:02  Drone  
  56  4:04  Drone x2  
  56  4:06  Overlord  
  56  4:08  Zergling x2  
  59  4:10  Zergling x4  
  61  4:17  Drone x3  
  61  4:18  Drone  
  61  4:19  Overlord  
  63  4:26  Overlord  
  63  4:34  Zergling x8  
  63  4:37  Zergling x2  
  68  4:42  Spore Crawler, Overlord  
  67  4:55  Zergling x16, Nydus Network  
  67  4:58  Zergling x6  
  78  5:00  Zergling x4  
  78  5:04  Extractor  
  78  5:08  Overlord  
  78  5:13  Zergling x4  
  80  5:22  Zergling x10  
  84  5:28  Baneling Nest  
  84  5:29  Overlord  
  84  5:33  Zergling x8  
  84  5:36  Nydus Canal  
  84  5:40  Zergling x10  
  85  5:48  Zergling x8  
  86  5:52  Nydus Canal  
  86  5:53  Zergling x4  
  85  5:59  Zergling x2  
  86  6:04  Zergling x2  
  86  6:05  Zergling x6  
  86  6:08  Zergling x2  
  86  6:10  Roach Warren  
  89  6:14  Zergling x6  
  89  6:15  Overlord x2  
  89  6:16  Queen x2  
  96  6:19  Nydus Canal  
  94  6:26  Drone x4  
  94  6:28  Drone  
  94  6:29  Drone  
  94  6:30  Drone  
  98  6:34  Drone  
  98  6:39  Extractor x2  
  96  6:42  Drone x2  
  98  6:47  Drone, Overlord  
  98  6:51  Drone  
  94  6:55  Drone  
  94  6:57  Nydus Canal  
  94  6:59  Overlord  
  94  7:00  Queen  
  95  7:04  Overlord  
  95  7:06  Drone  
  96  7:11  Overlord  
  96  7:12  Roach  
  96  7:14  Nydus Canal  
  98  7:18  Drone  
  99  7:25  Overlord  
  99  7:27  Drone  
  99  7:29  Nydus Canal, Drone  
  101  7:30  Hatchery  
  101  7:33  Drone x2  
  101  7:35  Roach x2  
  101  7:36  Roach, Evolution Chamber  
  107  7:40  Roach  
  107  7:42  Roach x2  
Show
View Real Time Build Order
Export as new Build Order

Harstem Protoss 

Build Orders: 1 Gate Expand, Oracle Opening, Zealot Archon 

Get SALT Encoding   

  12  0:00  Probe  
  13  0:12  Probe  
  14  0:18  Pylon  
  14  0:24  Probe  
  15  0:28  Assimilator  
  15  0:36  Probe (Chrono Boost)  
  16  0:46  Probe (Chrono Boost)  
  16  0:48  Gateway  
  17  0:51  Probe (Chrono Boost)  
  18  1:03  Probe  
  19  1:15  Probe  
  20  1:24  Nexus  
  20  1:35  Cybernetics Core  
  20  1:36  Probe  
  21  1:41  Assimilator  
  21  1:48  Probe  
  21  1:50  Pylon  
  22  2:00  Probe  
  23  2:10  Adept (Chrono Boost)  
  23  2:11  Stargate  
  23  2:12  Probe  
  26  2:21  Warp Gate  
  26  2:24  Probe  
  27  2:32  Adept  
  30  2:37  Probe x2 (Chrono Boost)  
  31  2:47  Probe x2 (Chrono Boost)  
  33  2:52  Probe x2 (Chrono Boost)  
  33  2:55  Oracle (Chrono Boost)  
  38  3:03  Probe x2  
  40  3:08  Pylon  
  40  3:15  Probe  
  40  3:16  Probe  
  42  3:24  Oracle (Chrono Boost)  
  45  3:27  Probe  
  45  3:28  Probe  
  47  3:34  Nexus  
  47  3:37  Pylon  
  47  3:40  Probe x2 (Chrono Boost)  
  49  3:53  Probe (Chrono Boost)  
  49  3:55  Assimilator  
  51  3:58  Probe (Chrono Boost), Assimilator  
  51  3:59  Forge  
  51  4:00  Probe (Chrono Boost)  
  52  4:04  Twilight Council, Probe (Chrono Boost)  
  52  4:07  Probe  
  54  4:11  Pylon  
  54  4:16  Probe  
  55  4:19  Probe  
  55  4:22  Adept  
  58  4:28  Gateway, Probe  
  58  4:30  Gateway  
  59  4:31  Probe  
  60  4:40  Probe  
  60  4:42  Charge  
  60  4:43  Probe  
  60  4:44  Shield Battery  
  62  4:47  Probe  
  62  4:48  Gateway  
  62  4:52  Probe  
  64  4:55  Shield Battery, Probe  
  64  4:57  Adept  
  64  4:59  Probe  
  68  5:07  Probe  
  68  5:10  Probe  
  68  5:11  Templar Archives  
  68  5:13  Probe  
  71  5:18  Adept  
  71  5:19  Probe  
  71  5:20  Photon Cannon  
  74  5:26  Void Ray (Chrono Boost)  
  78  5:29  Adept  
  78  5:30  Pylon  
  78  5:34  Adept  
  78  5:35  Probe  
  83  5:36  Probe  
  83  5:39  Adept, Probe  
  79  5:45  Zealot  
  79  5:47  Probe  
  79  5:49  Photon Cannon  
  82  5:51  Sentry, Pylon  
  82  5:54  Adept  
  82  5:56  Photon Cannon  
  85  6:04  Probe  
  85  6:10  Cybernetics Core, High Templar x2, Probe  
  87  6:14  Shield Battery, Archon  
  87  6:15  Probe  
  86  6:20  High Templar  
  86  6:26  High Templar  
  86  6:27  Probe  
  86  6:31  Probe  
  86  6:32  Archon  
  90  6:41  Pylon  
  90  6:42  Pylon  
  90  6:44  Pylon x2  
  89  6:47  Pylon  
  89  6:50  Probe  
  81  6:58  Assimilator  
  81  6:59  Probe  
  81  7:01  Assimilator  
  76  7:02  Zealot x4, Probe  
  85  7:08  Gateway  
  85  7:10  Twilight Council  
  85  7:11  Probe  
  85  7:14  Probe  
  87  7:25  Stargate  
  87  7:27  Zealot x4  
  94  7:38  Gateway  
  94  7:40  Pylon  
  94  7:51  Zealot x4  
Tags
 
Add a new tag
Caveats
  • Supply blocks, unpowered buildings, or Contaminate may cause inaccurate times.
  • Supply counts are checked every 10 seconds.